 Dungeon Crawl Stone Soup version 0.21-a0-104-g7b58145 (webtiles) character file.

198 meatball the Covered (level 5, -2/50 HPs)
             Began as a Deep Dwarf Fighter on July 6, 2017.
             Slain by a gnoll
             ... wielding a +0 halberd
              (8 damage)
             ... on level 4 of the Dungeon.
             The game lasted 00:11:16 (2295 turns).

meatball the Covered (Deep Dwarf Fighter)           Turns: 2295, Time: 00:11:17

Health: -2/50      AC:  7    Str: 21    XL:     5   Next: 47%
Magic:  5/5        EV:  7    Int:  8    God:
Gold:   17         SH:  9    Dex: 12    Spells: 4/4 levels left

rFire    . . .     SeeInvis .   a - +0 war axe
rCold    . . .     Gourm    .   c - +0 shield
rNeg     . . .     Faith    .   b - +0 scale mail
rPois    .         Spirit   .   (no helmet)
rElec    .         Reflect  .   (no cloak)
rCorr    .         Harm     .   (no gloves)
MR       .....                  (no boots)
Stlth    ..........             (no amulet)
HPRegen  0.00/turn              (no ring)
MPRegen  0.09/turn              (no ring)

@: non-regenerating
A: damage resistance, heal wounds, sense surroundings 1, no regeneration
a: Heal Wounds


You were on level 4 of the Dungeon.
You were not hungry.

You visited 1 branch of the dungeon, and saw 4 of its levels.

You collected 125 gold pieces.
You spent 108 gold pieces at shops.

Inventory:

Hand Weapons
 a - a +0 war axe (weapon)
 i - a +0 vampiric hand axe
Armour
 b - a +0 scale mail (worn)
 c - a +0 shield (worn)
Wands
 g - a wand of clouds (5/9)
Scrolls
 h - 3 scrolls of identify {unknown}
 k - a scroll of fear {unknown}
 l - 2 scrolls of teleportation {unknown}
 p - a scroll of immolation {unknown}
 r - a scroll of amnesia {unknown}
 t - a scroll of noise {unknown}
 u - a scroll of blinking {unknown}
Potions
 d - a potion of might
 e - 2 potions of flight {unknown}
 j - 4 potions of heal wounds {unknown}
 n - 2 potions of brilliance {unknown}
 o - a potion of agility {unknown}
 q - a potion of lignification {unknown}
 s - a potion of resistance {unknown}
 w - 2 potions of ambrosia {unknown}
Comestibles
 f - 4 bread rations
 m - 2 royal jellies
 v - a meat ration
 x - 5 chunks of flesh


   Skills:
 + Level 3.8 Fighting
 + Level 3.5 Axes
 + Level 4.3 Armour
 + Level 4.3 Shields


You had 4 spell levels left.
You didn't know any spells.

Dungeon Overview and Level Annotations

Branches:
Dungeon (4/15)
 Temple: D:4-7

Altars:

Shops:
D:4 *


Innate Abilities, Weirdness & Mutations

You are resistant to damage.
You can heal yourself by infusing magical energy.
You passively map a small area around you.
You do not regenerate.


Message History

You hit the gnoll.
The gnoll is severely wounded.
You block the gnoll's attack.
You closely miss the gnoll.
The gnoll is severely wounded.
The gnoll hits you with a halberd!
* * * LOW HITPOINT WARNING * * *
You hit the gnoll.
The gnoll is severely wounded.
The gnoll barely misses you.
You hit the gnoll.
The gnoll is severely wounded.
The gnoll hits you but does no damage.
Okay, then.
You feel much better. The gnoll hits you with a halberd!
* * * LOW HITPOINT WARNING * * *
You hit the gnoll.
The gnoll is almost dead.
The gnoll hits you with a halberd!
You die...

* * ** ,, , , , ..## * , *
*# * * * #..., #.#. #..# ,
#.#.* #..#* ###...#####
#..## *
..........############....
, ,
,..........'........>..#...
,
.........@#########.#)<...
, , .<>......g#
....#.#..... , ..........#
, ............ ..........#
............ , ....?.....#*
*###........# ##########..
#)..#..#.# , ** ...
#........# ,, ,
................ ** *
##g.##......#+##


You could see a gnoll.

Vanquished Creatures
  An orc wizard (D:3)
  A worker ant (D:3)
  A hound skeleton (D:4)
  4 adders
  3 gnolls
  A worm (D:2)
  3 dart slugs
  6 leopard geckos
  2 orcs (D:3)
  2 giant cockroaches
  3 goblins
  A hobgoblin (D:3)
  4 kobolds
  4 quokkas
  A ball python (D:1)
  11 bats
  3 frilled lizards
  11 rats
62 creatures vanquished.

Notes
Turn   | Place    | Note
-------+----------+-------------------------------------------
     0 | D:1      | meatball the Deep Dwarf Fighter began the quest for the Orb.
     0 | D:1      | Reached XP level 1. HP: 20/20 MP: 1/1
   239 | D:1      | Reached XP level 2. HP: 22/27 MP: 2/2
   608 | D:1      | Reached XP level 3. HP: 17/34 MP: 3/3
  1719 | D:3      | Reached XP level 4. HP: 8/42 MP: 4/4
  1836 | D:3      | Reached XP level 5. HP: 14/49 MP: 5/5
  2197 | D:4      | Found Ygeu's Assorted Antiques.
  2216 | D:4      | Bought a tapered bronze wand for 108 gold pieces
  2291 | D:4      | HP: 1/50 [gnoll/halberd (9)]
  2295 | D:4      | Slain by a gnoll

Vault maps used:
D:1:      lightli_arrival_boilingwater
D:2:      first_bread, grunt_ministairs_8, serial_bayou_lagoon_a
D:4:      serial_shops, nicolae_shop_window_shopping

Skill      XL: |  1  2  3  4 |
---------------+-------------+-----
Fighting       | 3 |  3.8
Axes           | 3 |  3.5
Armour         | 4 |  4.3
Shields        | 4 |  4.3

Action                   |  1- 3 |  4- 6 || total
-------------------------+-------+-------++-------
Melee: War axe           |   155 |    95 ||   250
 Abil: Heal Wounds       |       |     3 ||     3
  Eat: Chunk             |     2 |     3 ||     5
Armor: Scale mail        |    72 |    48 ||   120
Dodge: Dodged            |    39 |    29 ||    68
Block: Shield            |    82 |    53 ||   135
